 Dungeon Crawl Stone Soup version 0.14-a0-1707-g75daffb (webtiles) character file.

312 PolkaDot the Skirmisher (level 5, 0/51 HPs)
             Began as a Hill Orc Fighter on Jan 1, 2014.
             Was an Initiate of Beogh.
             Slain by an ogre
             ... wielding a +0,+0 giant club
              (11 damage)
             ... on Level 4 of the Dungeon.
             The game lasted 00:09:16 (3158 turns).

PolkaDot the Skirmisher (Hill Orc Fighter)          Turns: 3158, Time: 00:09:16

HP   0/51        AC  7     Str 19      XL: 5   Next: 45%
MP   5/5         EV  6     Int  8      God: Beogh [......]
Gold 148         SH 19     Dex 11      Spells:  0 memorised,  4 levels left

rFire  . . .     SeeInvis .     a - +0 orc hand axe
rCold  . . .     Clarity  .     b - +0 orc scale mail
rNeg   . . .     Conserve .     c - +0 orc shield (curse)
rPois  .         rCorr    .     (no helmet)
rElec  .         rRot     .     (no cloak)
SustAb . .       Spirit   .     (no gloves)
rMut   .         Warding  .     (no boots)
Saprov + . .     RndTele  +     (no amulet)
                                (no ring)
                                j - cursed ring of teleportation

@: slightly resistant to hostile enchantments, extremely unstealthy
A: saprovore 1
a: Renounce Religion, Evoke Teleportation


You were on level 4 of the Dungeon.
You worshipped Beogh.
Beogh was noncommittal.
You were not hungry.

You visited 1 branch of the dungeon, and saw 4 of its levels.

You collected 148 gold pieces.

Inventory:

Hand weapons
 a - a +0,+0 orcish hand axe (weapon)
Armour
 b - a +0 orcish scale mail (worn)
 c - a cursed +0 orcish shield (worn)
Comestibles
 d - a meat ration
 h - 2 chokos
 i - a rotting chunk of giant gecko flesh {@w1}
 k - an apple
 l - a royal jelly
Scrolls
 e - a scroll of teleportation {unknown}
 n - a scroll of identify {unknown}
Jewellery
 j - a cursed ring of teleportation (left hand)
Potions
 g - 2 potions of curing
 m - 2 potions of brilliance {unknown}


   Skills:
 + Level 6.4 Fighting
 * Level 4.4 Axes
 - Level 3.2 Armour
 - Level 3.2 Shields


You had 4 spell levels left.
You didn't know any spells.

Dungeon Overview and Level Annotations

Branches:
Dungeon (4/16)
 Temple: D:4-7

Altars:
Fedhas


Innate Abilities, Weirdness & Mutations

You can tolerate rotten meat.


Message History

The ogre is moderately wounded.
You block the ogre's attack.
You completely miss the ogre.
The ogre is moderately wounded.
The ogre barely misses you.
You barely miss the ogre.
The ogre is moderately wounded.
You hit the ogre.
The ogre is moderately wounded.
You block the ogre's attack.
You barely miss the ogre.
The ogre is moderately wounded.
The ogre hits you with a giant club!
You hit the ogre.
The ogre is heavily wounded.
The ogre hits you with a giant club!
* * * LOW HITPOINT WARNING * * *
Drink which item? (? for menu, Esc to quit)
You feel better. The ogre hits you with a giant club!
You die...

... .# ..#.##
.....# ....#
....#
#####[#####...#
........<.....#
####...####..%#
#.. #@?.# #.
#O..# # #...#
...... #######


You could see an ogre.

Vanquished Creatures
  An orc priest (D:3)
  3 gnolls (D:2)
  2 adders
  2 giant mites
  A worm (D:2)
  6 orcs (D:3)
  2 giant cockroaches (D:3)
  7 hobgoblins
  9 kobolds
  5 bats
  2 giant geckos
  4 giant newts
  8 goblins
  2 quokkas
  9 rats
63 creatures vanquished.

Vanquished Creatures (others)
  2 bats (D:3)
  A hobgoblin (D:3)
  A kobold (D:3)
  A rat (D:3)
5 creatures vanquished.

Grand Total: 68 creatures vanquished

Notes
Turn   | Place    | Note
--------------------------------------------------------------
     0 | D:1      | PolkaDot, the Hill Orc Fighter, began the quest for the Orb.
     0 | D:1      | Reached XP level 1. HP: 19/19 MP: 1/1
    96 | D:1      | Reached skill level 4 in Fighting
   157 | D:1      | Reached XP level 2. HP: 27/27 MP: 2/2
   770 | D:2      | Reached XP level 3. HP: 31/34 MP: 3/3
   901 | D:2      | Reached skill level 5 in Fighting
  1107 | D:2      | Found a blossoming altar of Fedhas.
  1164 | D:2      | Reached XP level 4. HP: 12/42 MP: 4/4
  2183 | D:3      | Became a worshipper of Beogh the Brigand
  2260 | D:3      | Reached skill level 6 in Fighting
  2260 | D:3      | Reached XP level 5. HP: 42/50 MP: 5/5
  3145 | D:4      | Noticed an ogre
  3158 | D:4      | Slain by an ogre

Action                   |  1- 3 |  4- 6 || total
-------------------------+-------+-------++-------
Melee: Hand axe          |   119 |   133 ||   252
Invok: Convert to Beogh  |       |     1 ||     1
  Use: Potion            |     3 |     1 ||     4
       Scroll            |       |     4 ||     4
